 Dungeon Crawl Stone Soup version 0.30-a0-778-g2ef04afb54 (webtiles) character file.

Game seed: 15972124982886417831

18 Esekla the Sneak (level 2, 21/21 HPs)
             Began as an Octopode Delver on Feb 16, 2023.
             Quit the game on level 5 of the Dungeon.
             The game lasted 00:00:51 (40 turns).

Esekla the Sneak (Octopode Delver)                    Turns: 40, Time: 00:00:51

Health: 21/21      AC:  1    Str: 11    XL:     2   Next: 66%
Magic:  2/2        EV: 13    Int: 12    God:
Gold:   32         SH:  0    Dex: 13    Spells: 1/1 levels left

rFire   . . .      SeeInvis .    a - +0 falchion
rCold   . . .      Faith    .    (no shield)
rNeg    . . .      Spirit   .    (helmet restricted)
rPois   .          Reflect  .    (no amulet)
rElec   .          Harm     .    (no ring)
rCorr   .          Rampage  .    (no ring)
Will    .....                    (no ring)
Stlth   ++++                     (no ring)
HPRegen 0.23/turn                (no ring)
MPRegen 0.08/turn                (no ring)
                                 (no ring)
                                 (no ring)

@: no status effects
A: almost no armour, amphibious, 8 rings, camouflage 1, gelatinous body 1,
(nimble swimmer 1), tentacles
a: no special abilities


You were on level 5 of the Dungeon.
You visited 1 branch of the dungeon, and saw 1 of its levels.

You collected 32 gold pieces.

Inventory:

Hand Weapons
 a - a +0 falchion (weapon)
Wands
 f - a wand of digging (3)
Scrolls
 b - a scroll of fog
 d - a scroll of fear
Potions
 e - a potion of haste


   Skills:
 * Level 3.1 Fighting
 * Level 2.1 Long Blades
 * Level 2.1 Dodging
 + Level 7.0 Stealth
 * Level 0.4 Spellcasting


You had one spell level left.
You didn't know any spells.
Your spell library was empty.

Dungeon Overview and Level Annotations

Branches:
Dungeon (5/15)
 Temple: D:4-7

Altars:
Nemelex Xobeh

Annotations:
D:5 Prince Ribbit


Innate Abilities, Weirdness & Mutations

You cannot wear most types of armour.
You are amphibious.
You can wear up to eight rings at the same time.
Your skin changes colour to match your surroundings (Stealth+).
Your rubbery body absorbs attacks. (AC +1, EV +1)
((You are camouflaged when in or above water. (Stealth+)))
You have tentacles for arms and can constrict up to eight enemies at once.


Message History

Welcome, Esekla the Octopode Delver.
The Orb of Zot is coveted for many reasons.
Will you seize it for your own?
Press ? for a list of commands and other information.
Found a stone staircase leading down.
Found 11 gold pieces.
Found 21 gold pieces.
You now have 11 gold pieces.
You now have 32 gold pieces (gained 21).
An adder comes into view.
Found a sparkling altar of Nemelex Xobeh.
Prince Ribbit comes into view.
The helpless adder fails to defend itself.
You hit the adder. You grab the adder. You squeeze the adder.
The adder is heavily wounded.
You constrict the adder.
An adder comes into view.
The adder barely misses you. The adder misses you.
The adder hisses angrily.
You hit the adder but do no damage.
The adder is heavily wounded.
You constrict the adder. The adder closely misses you. x2
You hit the adder but do no damage.
The adder is severely wounded.
You constrict the adder. The adder barely misses you.
You hit the adder.
You kill the adder!
You have reached level 2!
The adder bites you.
You closely miss the adder. Your grab misses the adder. The adder misses you.
You slash the adder! You grab the adder. You squeeze the adder.
You kill the adder!
Your Stealth skill increases to level 7!
As you read the scroll of magic mapping, it crumbles to dust.
You feel aware of your surroundings.
Are you sure you want to abandon this character and quit the game? (Confirm with "yes".)

,*,,,,,,,>* *,* #.##.#.#...#
**,,*****,* #.* #.##....#..#
,,,,* *,* #.* #.##.......# ,,,,*
*,* #.* #.##.####... *,*** *,*
#.## #.##.###.... *,* *,* *..#
#.##.##..... *,* *,* *#.#
#.##........ *,*
*,*#####.#####........... *,*
*,*#....@.....###.###.... ,,*
*,*#.###.####.# #.# ##... ***
*,**,* #.#**#†# #.# ##.#
*********,**,* #.#,*#.#*#.#* *.#
,,,,,,,,*,**,* #..*,#.#*...****.#
*******,*,**,**#.#**._.,...,,,,,*
,,** *,*,,,,,,.## *#.#*,..******
,,,****,,,,,,,,.,***.F.,*,**
,,,,,,,,,<,,,,,,,,*,#.#,*,*


There were no monsters in sight!

Vanquished Creatures
  2 adders (D:5)
2 creatures vanquished.

Notes
Turn   | Place    | Note
-------+----------+-------------------------------------------
     0 | D:5      | Esekla the Octopode Delver began the quest for the Orb.
     0 | D:5      | Reached XP level 1. HP: 16/16 MP: 1/1
    25 | D:5      | Found a sparkling altar of Nemelex Xobeh.
    26 | D:5      | Noticed Prince Ribbit
    32 | D:5      | Reached XP level 2. HP: 21/21 MP: 2/2
    36 | D:5      | Reached skill level 7 in Stealth
    40 | D:5      | Quit the game

Illustrated notes

Levels and vault maps discovered:
D:5:      layout_loops_ring, overflow_temple_1_default,
          gammafunk_ghost_mausoleum, uniq_prince_ribbit1

Skill      XL: |  1  2 |
---------------+-------+-----
Stealth        | 7 |  7.0
Fighting       | |  3.1
Long Blades    | |  2.1
Dodging        | |  2.1
Spellcasting   | |  0.4

Action                     || total
---------------------------++-------
  Melee: Falchion          ||     6
         Constrict         ||     2
         Tentacles         ||     2
    Use: Scroll            ||     1
   Stab: Sleeping          ||     1
  Dodge: Dodged            ||     6

Table legend: (Time is in decaauts)
 A = Elapsed time spent in this place.
 B = Non-inter-level travel time spent in this place.
 C = Inter-level travel time spent in this place.
 D = Time resting spent in this place.
 E = Time spent auto-exploring this place.
 F = Levels seen in this place.
 G = Mean time per level.
                   A        B        C        D        E       F      G
               +--------+--------+--------+--------+--------+-----+--------+
         Total |     41 |     41 |      0 |      0 |      0 |   1 |   41.0 |
       Dungeon |     41 |     41 |      0 |      0 |      0 |   1 |   41.0 |
               +--------+--------+--------+--------+--------+-----+--------+

Top non-repeatable levels by time:
     D:5: 41 daAuts
